 Dungeon Crawl Stone Soup version 0.19.5 (webtiles) character file.

144 Lostpass the Chucker (level 5, 0/54 HPs)
             Began as an Ogre Hunter on Mar 11, 2017.
             Was an Initiate of Okawaru.
             Succumbed to an adder's poison
             ... on level 3 of the Dungeon.
             The game lasted 00:22:38 (3945 turns).

Lostpass the Chucker (Ogre Hunter)                  Turns: 3945, Time: 00:22:39

Health: 0/54       AC:  3    Str: 17    XL:     5   Next: 27%
Magic:  6/6        EV: 10    Int: 10    God:    Okawaru [......]
Gold:   86         SH:  0    Dex: 11    Spells: 0 memorised, 5 levels left

rFire  . . .     SeeInvis .     a - +0 club
rCold  . . .     Gourm    .     k - +0 robe
rNeg   . . .     Faith    .     (no shield)
rPois  .         Spirit   .     (helmet restricted)
rElec  .         Reflect  .     (no cloak)
rCorr  +         Harm     +     (gloves unavailable)
MR     .....                    (boots unavailable)
Stlth  +.........               r - amulet of harm
                                (no ring)
                                i - ring of resist corrosion

@: lethally poisoned (0 -> -6)
A: unfitting armour, tough skin 1
a: Renounce Religion


You were on level 3 of the Dungeon.
You worshipped Okawaru.
Okawaru was noncommittal.
You were not hungry.

You visited 1 branch of the dungeon, and saw 3 of its levels.

You collected 86 gold pieces.

Inventory:

Hand Weapons
 a - a +0 club (weapon)
Missiles
 c - 2 large rocks (quivered)
 d - 2 throwing nets
 h - 120 stones
 l - 16 poisoned needles
Armour
 k - a +0 robe (worn)
Jewellery
 i - a ring of resist corrosion (left hand)
 r - an amulet of harm (around neck)
Scrolls
 g - a scroll of magic mapping
 m - a scroll of fog
 q - a scroll of identify
Potions
 e - 3 potions of cancellation
Books
 n - a book of Cantrips

   Spells                             Type                      Level
   a - Confusing Touch                Hexes                        1
   b - Animate Skeleton               Necromancy                   1
   c - Summon Small Mammal            Summoning                    1
   d - Apportation                    Translocation                1
Comestibles
 f - 2 bread rations
 j - 2 chunks of flesh
 o - 4 fruits
 p - a meat ration


   Skills:
 * Level 4.2 Fighting
 * Level 3.1 Maces & Flails
 + Level 4.6 Throwing
 + Level 2.3 Dodging
 + Level 1.0 Stealth
 * Level 0.9 Spellcasting


You had 5 spell levels left.
You didn't know any spells.

Dungeon Overview and Level Annotations

Branches:
Dungeon (3/15)

Altars:
Fedhas
Makhleb
Okawaru
Qazlal


Innate Abilities, Weirdness & Mutations

You are too large for most types of armour.
You have tough skin. (AC +1)


Message History

* * * LOW HITPOINT WARNING * * *
You are lethally poisoned!
The adder poisons you! The adder barely misses you.
It was a potion of cure mutation.
It has a very clean taste.
* * * LOW HITPOINT WARNING * * *
You feel sick. The adder barely misses you.
Okay, then.
Okay, then.
You aren't carrying any items that you can evoke.
Unknown command.
You closely miss the adder.
* * * LOW HITPOINT WARNING * * *
You feel sick. The adder bites you.
* * * LOW HITPOINT WARNING * * *
The adder bites you but does no damage.
You completely miss the adder.
* * * LOW HITPOINT WARNING * * *
You feel sick. The adder barely misses you.
You miss the adder.
You die...

≈≈⌠....$..#
..S.≈≈....#
..≈≈.g≈.(.#
≈≈....≈...#
....≈S....# .
...≈≈.....# S..
≈≈≈≈≈###(.########....
≈≈≈ ###....(S.#.......
######......##@..#
..........#########
..###...####......#
####....#......#
..#.##.#......# #.#..#
#......####
#.#..#.#......<..#
#.##.#.#......##.#
#.#....+......+..#


You could see an adder.

Vanquished Creatures
  9 adders
  3 worms
  A dart slug (D:1)
  2 leopard geckos
  4 bats
  3 giant cockroaches (D:1)
  9 goblins
  8 hobgoblins
  A quokka (D:3)
  5 frilled lizards
  5 kobolds
  6 rats
56 creatures vanquished.

Notes
Turn   | Place    | Note
-------+----------+-------------------------------------------
     0 | D:1      | Lostpass the Ogre Hunter began the quest for the Orb.
     0 | D:1      | Reached XP level 1. HP: 22/22 MP: 1/1
   173 | D:1      | Reached XP level 2. HP: 10/31 MP: 2/2
   897 | D:1      | Reached XP level 3. HP: 35/37 MP: 3/3
   902 | D:1      | Reached skill level 1 in Maces & Flails
  1643 | D:2      | Found a blossoming altar of Fedhas.
  1654 | D:2      | Found a burning altar of Makhleb.
  1660 | D:2      | Found a stormy altar of Qazlal.
  1661 | D:2      | Found an iron altar of Okawaru.
  1721 | D:2      | Became a worshipper of Warmaster Okawaru
  2073 | D:2      | Reached XP level 4. HP: 19/48 MP: 3/5
  2682 | D:2      | Reached skill level 1 in Stealth
  3359 | D:2      | Reached XP level 5. HP: 26/54 MP: 6/6
  3943 | D:3      | HP: 2/54 [adder (1)]
  3945 | D:3      | Succumbed to an adder's poison

Skill      XL: |  1  2  3  4  5 |
---------------+----------------+-----
Fighting       | 3 4 |  4.2
Maces & Flails | 2 3 |  3.1
Dodging        | 2 |  2.3
Stealth        | 1 |  1.0
Throwing       | |  4.6
Spellcasting   | |  0.9

Action                   |  1- 3 |  4- 6 || total
-------------------------+-------+-------++-------
Melee: Club              |   166 |   138 ||   304
       Short sword       |     1 |       ||     1
Throw: Stone             |    39 |    47 ||    86
       Large rock        |     1 |     3 ||     4
  Use: Scroll            |     3 |     1 ||     4
       Potion            |     1 |     2 ||     3
 Stab: Sleeping          |     1 |     1 ||     2
  Eat: Chunk             |     4 |     6 ||    10
Armor: Robe              |    51 |    30 ||    81
Dodge: Dodged            |   101 |    84 ||   185
